 Dungeon Crawl Stone Soup version 0.21.1-1-g345015fe64 (webtiles) character file.

5353 Dreamer the Ruffian (level 10, -6/81 HPs)
             Began as a Formicid Earth Elementalist on Apr 12, 2018.
             Was a High Priest of Cheibriados.
             Mangled by a cyan ugly thing (17 damage)
             ... on level 9 of the Dungeon.
             The game lasted 00:46:55 (11380 turns).

Dreamer the Ruffian (Formicid Earth Elementalist)  Turns: 11380, Time: 00:46:56

Health: -6/81      AC:  7    Str: 23    XL:     10   Next: 97%
Magic:  9/14       EV: 15    Int: 32    God:    Cheibriados [*****.]
Gold:   288        SH: 12    Dex: 22    Spells: 2/13 levels left

rFire    . . .     SeeInvis +     - Unarmed
rCold    + . .     Gourm    .   m - +0 shield
rNeg     . . .     Faith    .   x - +3 leather armour {rC+}
rPois    .         Spirit   .   (helmet unavailable)
rElec    .         Reflect  .   (no cloak)
rCorr    .         Harm     .   (no gloves)
MR       +....                  (no boots)
Stlth    ++........             (no amulet)
HPRegen  0.23/turn              (no ring)
MPRegen  0.14/turn              p - +2 ring of intelligence

@: very slow
A: permanent stasis, dig shafts and tunnels, four strong arms, antennae 3,
hooves 1, blurry vision 1, robust 1, no potion heal 1
a: Dig, Shaft Self, Bend Time, Temporal Distortion, Slouch, Step From Time,
Renounce Religion


You were on level 9 of the Dungeon.
You worshipped Cheibriados.
Cheibriados was extremely pleased with you.
You were not hungry.

You visited 1 branch of the dungeon, and saw 9 of its levels.

You collected 444 gold pieces.
You spent 156 gold pieces at shops.

Inventory:

Missiles
 b - 129 stones (quivered)
Armour
 f - a +0 chain mail
 m - a +0 shield (worn)
 x - a +3 leather armour of cold resistance (worn)
Jewellery
 p - a +2 ring of intelligence (right hand)
Wands
 g - a wand of acid (11)
 q - a wand of enslavement (11)
 r - a wand of clouds (4)
 s - a wand of disintegration (4)
 w - a wand of digging (11)
 y - a wand of scattershot (6)
 A - a wand of flame (23)
 C - a wand of polymorph (13)
Scrolls
 h - 4 scrolls of remove curse
 l - a scroll of identify
 B - a scroll of fear
 E - a scroll of enchant weapon
Potions
 a - a potion of brilliance {unknown}
 n - 3 potions of flight
 o - 2 potions of cancellation
 u - a potion of resistance {unknown}
Books
 c - a book of Cantrips

   Spells                             Type                      Level
   a - Confusing Touch                Hexes                        1
   b - Animate Skeleton               Necromancy                   1
   c - Summon Small Mammal            Summoning                    1
   d - Apportation                    Translocation                1
 e - a book of Geomancy

   Spells                             Type                      Level
   a - Sandblast                      Earth                        1
   b - Passwall                       Transmutation/Earth          2
   c - Stone Arrow                    Conjuration/Earth            3
   d - Petrify                        Transmutation/Earth          4
   e - Lee's Rapid Deconstruction     Earth                        5
 t - a book of Debilitation

   Spells                             Type                      Level
   a - Corona                         Hexes                        1
   b - Slow                           Hexes                        2
   c - Inner Flame                    Hexes/Fire                   3
   d - Portal Projectile              Hexes/Translocation          3
   e - Cause Fear                     Hexes                        4
   f - Leda's Liquefaction            Hexes/Earth                  4
 D - a book of Transfigurations

   Spells                             Type                      Level
   a - Irradiate                      Conjuration/Transmutation    5
   b - Statue Form                    Transmutation/Earth          6
   c - Hydra Form                     Transmutation                6
   d - Dragon Form                    Transmutation                7
Comestibles
 d - 17 rations
 i - a chunk of flesh


   Skills:
 - Level 5.4 Fighting
 + Level 7.4 Armour
 + Level 4.8 Dodging
 - Level 2.4 Stealth
 + Level 6.6 Shields
 - Level 7.8 Unarmed Combat
 - Level 2.1 Spellcasting
 * Level 4.3 Transmutations
 - Level 3.6 Earth Magic
 - Level 6.4 Invocations


You had 2 spell levels left.
You knew the following spells:

 Your Spells              Type           Power        Failure   Level  Hunger
a - Sandblast             Erth           ####..       2%          1    None
b - Petrify               Tmut/Erth      ####....     24%         4    ####...
c - Statue Form           Tmut/Erth      ####.....    98%         6    #######


Dungeon Overview and Level Annotations

Branches:
Dungeon (9/15)             Temple (0/1) D:7
   Lair: D:8-11         Orc: D:9-12

Altars:
Ashenzari
Cheibriados
Gozag
Hepliaklqana
Makhleb
Okawaru
Trog
Vehumet
Wu Jian
Yredelemnul
The Shining One

Shops:
D:4 !   D:5 %   D:6 ?

Annotations:
D:9 error's ghost, novice OpAE


Innate Abilities, Weirdness & Mutations

You cannot be hasted, slowed, berserked, paralysed or teleported.
You can dig through walls and to a lower floor.
Your four strong arms can wield two-handed weapons with a shield.
You have a pair of large antennae on your head. (SInv)
You have large cloven feet.
Scrolls take you a little longer to read.
You are robust. (+10% HP)
Potions are less effective at restoring your health.


Message History

The cyan ugly thing is severely wounded.
b - 130 stones The cyan ugly thing tentacle-slaps you!
The cyan ugly thing shocks you!
Casting: Sandblast
Confirm with . or Enter, or press ? or * to list all spells.
Aiming: Sandblast
Press: ? - help, Shift-Dir - straight line, f/p - cyan ugly thing
Aim: a cyan ugly thing (severely wounded)
The blast of sand hits the cyan ugly thing.
The cyan ugly thing is almost dead.
b - 129 stones The cyan ugly thing tentacle-slaps you!
* * * LOW HITPOINT WARNING * * *
The cyan ugly thing shocks you!
* * * LOW HITPOINT WARNING * * *
Your system partially rejects the healing.
You feel better. The cyan ugly thing tentacle-slaps you.
* * * LOW HITPOINT WARNING * * *
The cyan ugly thing shocks you!
You die...

#....# ..# ## #.##?.##
#.. .. #.# #..# #.#
.#.##.####.#########.#
......<........÷..##.#
#.##....########..#.#
#.#...###########...#
##....## #$u≈(#
##..##### .###...#.†#
####@#####......#
.......).<#
#.##.##.##......#
.#.##.#####
#≈..≈).≈.'......# # #.
#(##.##.##......# #
####.#####......# { {
.≈. ######## ##.##{
#.# .≈.


You could see a cyan ugly thing.

Vanquished Creatures
  2 two-headed ogres (D:8)
  The ghost of Balthal the Covered, a novice MiFi of Qazlal (D:5)
  Eustachio (D:4)
  A wyvern (D:8)
  A steam dragon (D:9)
  Duvessa (D:6)
  An orc warrior (D:8)
  4 sky beasts
  A necrophage (D:8)
  2 black bears
  An ice beast (D:5)
  An ogre (D:4)
  2 centaurs
  7 bullfrogs
  3 scorpions
  Dowan (D:6)
  A howler monkey (D:4)
  4 crimson imps
  A bullfrog zombie (D:5)
  A quasit (D:6)
  2 hounds
  A jelly (D:6)
  8 orc priests
  2 bullfrog skeletons (D:5)
  2 centaur skeletons
  Ijyb (D:4)
  Natasha (thrice) (D:4)
  7 worker ants
  2 iguanas
  6 orc wizards
  2 hound skeletons
  15 adders
  2 shadow imps
  2 oozes
  6 adder skeletons
  4 worms (D:2)
  2 dart slugs
  A leopard gecko (D:4)
  21 orcs
  5 giant cockroaches
  10 goblins
  6 hobgoblins
  3 jackals (D:7)
  6 kobolds
  5 quokkas
  2 ball pythons
  5 bats
  4 frilled lizards (D:2)
  4 rats
176 creatures vanquished.

Notes
Turn   | Place    | Note
-------+----------+-------------------------------------------
     0 | D:1      | Dreamer the Formicid Earth Elementalist began the quest for the Orb.
     0 | D:1      | Reached XP level 1. HP: 13/13 MP: 3/3
    20 | D:1      | Reached skill level 1 in Unarmed Combat
    20 | D:1      | Reached XP level 2. HP: 15/20 MP: 0/5
   121 | D:1      | Reached skill level 1 in Fighting
   327 | D:1      | Reached XP level 3. HP: 21/26 MP: 6/6
   939 | D:2      | Reached XP level 4. HP: 19/32 MP: 4/7
   945 | D:2      | Reached skill level 1 in Shields
  1401 | D:2      | Reached skill level 1 in Armour
  1678 | D:2      | Reached XP level 5. HP: 38/38 MP: 5/8
  1998 | D:2      | Found a snail-covered altar of Cheibriados.
  2005 | D:2      | Became a worshipper of Cheibriados the Contemplative
  2301 | D:3      | Found an iron altar of Okawaru.
  2330 | D:3      | Reached XP level 6. HP: 46/46 MP: 6/9
  2411 | D:3      | Found a burning altar of Makhleb.
  2555 | D:3      | HP: 2/46 [adder (1)]
  2560 | D:3      | HP: 2/69 [poisoned by an adder]
  2568 | D:3      | HP: 1/69 [poisoned by an adder]
  2885 | D:3      | Reached * piety under Cheibriados
  3167 | D:4      | Found Rani's Distillery.
  3206 | D:4      | Bought a potion of heal wounds for 60 gold pieces
  3206 | D:4      | Bought a potion of curing for 36 gold pieces
  3206 | D:4      | Bought a potion of heal wounds for 60 gold pieces
  3735 | D:4      | Noticed Natasha
  3751 | D:4      | Killed Natasha
  3751 | D:4      | Reached XP level 7. HP: 45/52 MP: 6/10
  3801 | D:4      | Noticed Eustachio
  3848 | D:4      | Noticed Natasha
  4731 | D:4      | Killed Eustachio
  4928 | D:4      | Reached skill level 5 in Unarmed Combat
  4979 | D:4      | Noticed Ijyb
  4988 | D:4      | Killed Ijyb
  5103 | D:4      | Reached XP level 8. HP: 60/60 MP: 11/11
  5112 | D:4      | Learned a level 4 spell: Petrify
  5177 | D:4      | Reached skill level 1 in Invocations
  5537 | D:4      | Killed Natasha
  5537 | D:4      | Reached ** piety under Cheibriados
  5539 | D:4      | Noticed Natasha
  5542 | D:4      | Killed Natasha
  5636 | D:5      | Entered Level 5 of the Dungeon
  5722 | D:5      | Found a radiant altar of Vehumet.
  5722 | D:5      | Found an ornate altar of the Wu Jian Council.
  5799 | D:5      | Noticed Balthal's ghost (novice MiFi)
  6168 | D:5      | Found Ifoa's Food Shop.
  6388 | D:5      | Killed Balthal's ghost
  6388 | D:5      | Reached skill level 5 in Fighting
  6388 | D:5      | Reached skill level 5 in Shields
  6388 | D:5      | Reached skill level 5 in Invocations
  6388 | D:5      | Reached XP level 9. HP: 43/68 MP: 2/12
  6731 | D:6      | Reached skill level 5 in Armour
  6983 | D:6      | Found Tysenepp's Magic Scroll Emporium.
  7159 | D:6      | Reached *** piety under Cheibriados
  7237 | D:6      | Noticed Dowan
  7240 | D:6      | Killed Dowan
  7248 | D:6      | Noticed Duvessa
  7258 | D:6      | Killed Duvessa
  7565 | D:6      | Found a basalt altar of Yredelemnul.
  7569 | D:6      | Found a glowing golden altar of the Shining One.
  7574 | D:6      | Found a hazy altar of Hepliaklqana.
  7719 | D:7      | Found a bloodstained altar of Trog.
  8044 | D:7      | Found a staircase to the Ecumenical Temple.
  8596 | D:8      | Noticed a two-headed ogre
  8757 | D:8      | Noticed a two-headed ogre
  8805 | D:8      | Reached **** piety under Cheibriados
  9086 | D:8      | Found a shattered altar of Ashenzari.
  9096 | D:8      | Reached XP level 10. HP: 64/74 MP: 14/14
  9223 | D:8      | Killed a two-headed ogre
  9224 | D:8      | HP: 3/74 [scorpion (3)]
  9650 | D:8      | Learned a level 6 spell: Statue Form
  9904 | D:8      | Killed a two-headed ogre
 10284 | D:8      | Found an opulent altar of Gozag.
 10531 | D:9      | Noticed error's ghost (novice OpAE)
 10869 | D:8      | Gained mutation: You are agile. (Dex +2) [potion of mutation]
 10869 | D:8      | Gained mutation: Potions are less effective at restoring your health. [potion of mutation]
 10869 | D:8      | Gained mutation: You have large cloven feet. [potion of mutation]
 10870 | D:8      | Lost mutation: You are agile. (Dex +2) [potion of mutation]
 10870 | D:8      | Lost mutation: You have large cloven feet. [potion of mutation]
 10870 | D:8      | Gained mutation: Scrolls take you a little longer to read. [potion of mutation]
 10870 | D:8      | Gained mutation: You have large cloven feet. [potion of mutation]
 10870 | D:8      | Gained mutation: You are robust. (+10% HP) [potion of mutation]
 11363 | D:9      | Reached ***** piety under Cheibriados
 11372 | D:9      | Noticed a cyan ugly thing
 11380 | D:9      | Mangled by a cyan ugly thing

Skill      XL: |  1  2  3  4  5  6  7  8  9 10 |
---------------+-------------------------------+-----
Unarmed Combat | 1 2 3 4 5 6 7 |  7.8
Fighting       | 1 2 3 5 |  5.4
Shields        | 1 2 3 5 6 |  6.6
Armour         | 1 2 3 4 6 7 |  7.4
Invocations    | 5 6 |  6.4
Dodging        | 3 4 |  4.8
Transmutations | 4 |  4.3
Stealth        | |  2.4
Spellcasting   | |  2.1
Earth Magic    | |  3.6

Action                   |  1- 3 |  4- 6 |  7- 9 | 10-12 || total
-------------------------+-------+-------+-------+-------++-------
Melee: Unarmed           |    82 |   154 |   461 |   135 ||   832
       Kick              |       |       |       |    26 ||    26
 Cast: Sandblast         |    14 |    51 |    95 |    32 ||   192
Invok: Bend Time         |       |       |     1 |       ||     1
 Abil: Dig               |       |       |     3 |     1 ||     4
  Use: Potion            |       |     2 |       |     7 ||     9
       Scroll            |       |       |    10 |     3 ||    13
 Stab: Sleeping          |       |     5 |     3 |       ||     8
  Eat: Chunk             |       |     8 |     9 |     4 ||    21
Armor: Robe              |    10 |       |       |       ||    10
       Chain mail        |    10 |       |       |       ||    10
       Skin              |       |     4 |       |    10 ||    14
       Ring mail         |       |       |   108 |       ||   108
       Leather armour    |       |       |    34 |    29 ||    63
Dodge: Dodged            |    31 |    78 |   263 |    73 ||   445
Block: Buckler           |    10 |    43 |   143 |       ||   196
       Shield            |       |       |    85 |    89 ||   174
